 Dungeon Crawl Stone Soup version 0.17.1-3-g152610e (webtiles) character file.

95 MrTails the Skirmisher (level 4, -3/29 HPs)
             Began as a Gargoyle Fighter on Feb 18, 2016.
             Killed by divine providence
             ... invoked by an orc priest
              (10 damage)
             ... on level 3 of the Dungeon.
             The game lasted 00:02:20 (1078 turns).

MrTails the Skirmisher (Gargoyle Fighter)           Turns: 1078, Time: 00:02:20

Health: -3/29      AC: 10    Str: 20    XL:     4   Next: 66%
Magic:  4/4        EV:  7    Int:  9    God:
Gold:   172        SH:  9    Dex:  9    Spells: 0 memorised, 3 levels left

rFire  . . .     SeeInvis .     a - +0 war axe
rCold  . . .     Clarity  .     b - +0 scale mail
rNeg   + . .     SustAt   .     c - +0 shield
rPois  ∞         Gourm    .     (no helmet)
rElec  +         Spirit   .     (no cloak)
rCorr  .         Warding  .     (no gloves)
rMut   .         Stasis   .     (no boots)
MR     .....                    (no amulet)
Stlth  ..........               (no ring)
                                (no ring)

@: not resistant to hostile enchantments, extremely unstealthy
A: negative energy resistance 1, electricity resistance, unbreathing,
petrification resistance, rot immunity, AC +3
a: no special abilities


You were on level 3 of the Dungeon.
You were hungry.

You visited 1 branch of the dungeon, and saw 3 of its levels.

You collected 172 gold pieces.

Inventory:

Hand Weapons
 a - a +0 war axe (weapon)
Armour
 b - a +0 scale mail (worn)
 c - a +0 shield (worn)
Scrolls
 g - 2 scrolls of identify {unknown}
 i - a scroll of amnesia {unknown}
 k - a scroll of remove curse {unknown}
Potions
 d - a potion of might
 h - a potion of flight {unknown}
 l - a potion of lignification {unknown}
Books
 m - a book of Envenomations

   Spells                             Type                      Level
   a - Spider Form                    Transmutation/Poison         3
   b - Alistair's Intoxication        Transmutation/Poison         4
   c - Olgreb's Toxic Radiance        Poison                       4
   d - Poisonous Cloud                Conjuration/Poison/Air       6
Comestibles
 e - 2 bread rations
 f - 2 fruits
 j - 3 meat rations


   Skills:
 + Level 4.0 Fighting
 * Level 2.6 Axes
 + Level 4.0 Armour
 + Level 4.0 Shields


You had 3 spell levels left.
You didn't know any spells.

Dungeon Overview and Level Annotations

Branches:
Dungeon (3/15)

Altars:
Ashenzari
Makhleb


Innate Abilities, Weirdness & Mutations

You are resistant to torment.
Your stone body is resilient (AC +3).
You are immune to poison.
You resist negative energy.
You are resistant to electric shocks.
You can survive without breathing.
You are immune to petrification.
You are immune to rotting.


Message History

The orc is heavily wounded.
The orc priest invokes the aid of Beogh against you.
Something smites you! The orc hits you with a hand axe.
* * * LOW HITPOINT WARNING * * *
You closely miss the orc.
The orc is heavily wounded.
You block the orc's attack.
The orc wizard casts a spell.
The orc wizard flickers and vanishes!
Deactivating autopickup; reactivate with Ctrl-A.
The orc priest miscasts a cantrip.
The orc priest hits you but does no damage.
You closely miss the orc priest.
The orc priest is heavily wounded.
You block the orc's attack. Something hits you but does no damage.
The orc priest hits you but does no damage.
The orc priest calls down the wrath of Beogh upon you.
Something smites you!
You die...

#....# #.. ####.
#.#..####{o #.
#......##.# #####.
####.#.##o# #.....
#.#.##.# #.###.
#.#o##.# #.# #.#
#. #oo....# #.#
#.# #.
###.######.####.#
#. #@# #......##.#
## #.# #......##.#
#.# #.#....##.####
#.###.##.#.##.....
#........#.##.....
#####.##...†..####
#.##.#.####
#......# ####.###


You could see an orc priest and an orc.

Vanquished Creatures
  Terence (D:2)
  2 adders
  An ooze (D:1)
  2 giant geckos
  A giant cockroach (D:2)
  7 goblins
  5 hobgoblins
  7 kobolds
  A quokka (D:2)
  7 bats
  3 giant newts
  7 rats
44 creatures vanquished.

Notes
Turn   | Place    | Note
--------------------------------------------------------------
     0 | D:1      | MrTails the Gargoyle Fighter began the quest for the Orb.
     0 | D:1      | Reached XP level 1. HP: 14/14 MP: 1/1
   183 | D:1      | Reached XP level 2. HP: 16/19 MP: 2/2
   536 | D:2      | Reached XP level 3. HP: 24/24 MP: 3/3
   739 | D:2      | Noticed Terence
   744 | D:2      | Killed Terence
   744 | D:2      | Reached skill level 4 in Fighting
   744 | D:2      | Reached XP level 4. HP: 26/29 MP: 4/4
   869 | D:2      | Found a shattered altar of Ashenzari.
   869 | D:2      | Found a burning altar of Makhleb.
  1078 | D:3      | Killed from afar by an orc priest

Action                   |  1- 3 |  4- 6 || total
-------------------------+-------+-------++-------
Melee: War axe           |    96 |    50 ||   146
